 Dungeon Crawl Stone Soup version 0.30.0-15-g856e2d3f33 (webtiles) character file.

Game seed: 5651389951736305885

3812 qw the Cleaver (level 10, -2/63 HPs)
             Began as a Gargoyle Fighter on May 20, 2023.
             Slain by a hornet (8 damage)
             ... on level 8 of the Dungeon.
             The game lasted 00:03:28 (7558 turns).

qw the Cleaver (Gargoyle Fighter)                   Turns: 7558, Time: 00:03:28

Health: -2/63      AC: 21    Str: 23    XL:     10   Next: 17%
Magic:  0/10       EV:  6    Int: 10    God:
Gold:   413        SH: 10    Dex:  9    Spells: 9/9 levels left

rFire   . . .        Y - +2 war axe
rCold   . . .        l - +0 kite shield
rNeg    + . .        t - +0 plate armour
rPois   inf          (no helmet)
rElec   +            (no cloak)
rCorr   .            (no gloves)
SInv    .            b - +1 pair of boots
Will    .....        o - amulet of guardian spirit Stlth
                     (no ring)
HPRegen 0.30/turn    (no ring)
MPRegen 0.12/turn

%: guardian spirit
@: no status effects
A: sickness immunity, AC +7, negative energy resistance 1, electricity
resistance, torment resistance 1, petrification resistance
a: no special abilities


You were on level 8 of the Dungeon.
You visited 2 branches of the dungeon, and saw 9 of its levels.

You collected 413 gold pieces.


Innate Abilities, Weirdness & Mutations

You are immune to sickness and miasma.
Your stone body is resilient. (AC +7)
You are immune to poison.
You resist negative energy. (rN+)
You are resistant to electric shocks. (rElec)
You are resistant to unholy torment.
You are immune to petrification.


   Skills:
 - Level 7.2 Fighting
 - Level 9.0 Axes
 - Level 1.5 Throwing
 + Level 5.0 Armour
 - Level 1.6 Dodging
 - Level 8.9 Shields


You had 9 spell levels left.
You didn't know any spells.
Your spell library was empty.

Inventory:

Hand Weapons
 h - a +0 flail
 Y - a +2 war axe (weapon)
Armour
 b - a +1 pair of boots (worn)
 l - a +0 kite shield (worn)
 t - a +0 plate armour (worn)
Jewellery
 o - an amulet of guardian spirit (around neck)
Wands
 j - a wand of digging (5)
Scrolls
 a - a scroll of identify
Potions
 d - a potion of might
 e - 4 potions of mutation
 f - 9 potions of curing
 i - 2 potions of haste
 m - a potion of lignification
 r - a potion of attraction {unknown}
 u - a potion of ambrosia {unknown}

Dungeon Overview and Level Annotations

Branches:
Dungeon (8/15)             Temple (1/1) D:4
   Lair: D:8-11

Altars:
Ashenzari
Cheibriados
Dithmenos
Elyvilon
Fedhas
Gozag
Hepliaklqana
Kikubaaqudgha
Makhleb
Nemelex Xobeh
Ru
Sif Muna
Trog
Uskayaw
Vehumet
Wu Jian
Xom
Yredelemnul
Zin
The Shining One

Annotations:
D:3 1 runed translucent door, Crazy Yiuf
D:8 exclusions: kobold brigand and orc priest


Message History

The centaur warrior hits you but does no damage.
The centaur warrior kicks you but does no damage.
The hornet stings you.
You hit the centaur warrior.
The centaur warrior is lightly wounded.
You hit the hornet. The centaur warrior hits you.
You block the centaur warrior's attack. You block the hornet's attack.
You slash the centaur warrior!
The centaur warrior is moderately wounded.
You hit the hornet but do no damage. The centaur warrior hits you!
You block the centaur warrior's attack.
The hornet stings you but does no damage.
The centaur warrior barely misses you.
The centaur warrior kicks you but does no damage.
The hornet stings you but does no damage.
You closely miss the centaur warrior.
The centaur warrior is moderately wounded.
You slash the hornet!
The centaur warrior hits you but does no damage.
The centaur warrior kicks you but does no damage.
The hornet stings you. The centaur warrior hits you!
The centaur warrior kicks you but does no damage.
The hornet stings you!
You completely miss the centaur warrior.
The centaur warrior is moderately wounded.
You slash the hornet! The centaur warrior hits you!
The centaur warrior kicks you but does no damage.
The hornet stings you.
The centaur warrior hits you but does no damage.
The centaur warrior closely misses you.
You barely miss the hornet.
The hornet is heavily wounded.
You closely miss the centaur warrior. The hornet barely misses you.
The centaur warrior hits you but does no damage.
The centaur warrior kicks you but does no damage.
The hornet stings you!
You die...

.# #...........#.# #.#
.# #######.#.###.# #.#
.# #.....# #.# #.# ##
####### #.# #.# .....##
#.####.# #.$....
#......# #...
#.....##...#.##
+...##....y.#.#>##.#
#...# #..c@..##.#.#
#...# #########.##.#
#...###)..####.##.##
### #...##.....##....##
..####...#.......#..###
....##...'.......#..#
....##...#......[#..#
.....#...##.)).(##.##
#....)%..###).)###.


You could see a centaur warrior and a hornet.

Vanquished Creatures
  An ugly thing (D:7)
  A hornet (D:8)
  A wraith (D:8)
  A yak (D:8)
  A steam dragon (D:8)
  Grum (D:8)
  2 water moccasins
  An ice beast (D:8)
  3 black bears
  3 sky beasts
  2 wolves (D:8)
  3 kobold brigands (D:8)
  2 bullfrogs
  5 scorpions
  4 wights (D:8)
  5 killer bees (D:8)
  3 hounds
  3 jellies
  3 orc priests
  An iguana (D:5)
  4 orc wizards
  3 gnolls (D:5)
  5 adders
  An ufetubus (D:7)
  2 dart slugs
  19 orcs
  9 ball pythons
  4 bats
  10 endoplasms
  A giant cockroach (D:2)
  4 goblins
  2 hobgoblins
  2 jackals (D:2)
  3 quokkas
  8 frilled lizards
  13 kobolds
  4 rats
140 creatures vanquished.

Notes
Turn   | Place    | Note
-------+----------+-------------------------------------------
     0 | D:1      | qw the Gargoyle Fighter began the quest for the Orb.
     0 | D:1      | Reached XP level 1. HP: 14/14 MP: 1/1
     0 | D:1      | 0 ||| qw: Version: 0.2-a-97-g499787f
     0 | D:1      | 0 ||| qw: Game counter: 42
     0 | D:1      | 0 ||| qw: Always use a shield: true
     0 | D:1      | 0 ||| qw: God list: Okawaru
     0 | D:1      | 0 ||| qw: Allow faded altars: false
     0 | D:1      | 0 ||| qw: Do Orc after D:15 true
     0 | D:1      | 0 ||| qw: Do second Lair branch before Depths: true
     0 | D:1      | 0 ||| qw: Lair rune preference: random
     0 | D:1      | 0 ||| qw: Plans: Normal, Zot:1-4, God:TSO, Crypt, Tomb,
                  | Pan, Slime:5, Hells, Abyss, Win
     0 | D:1      | 0 ||| PLANNING D:1-11
    48 | D:1      | Reached skill level 2 in Axes
    56 | D:1      | 56 ||| Stepping ~*~*~tactically~*~*~ (hiding).
   330 | D:1      | Reached XP level 2. HP: 19/19 MP: 2/2
   501 | D:1      | 501 ||| Stepping ~*~*~tactically~*~*~ (hiding).
   612 | D:1      | Found a faded altar of an unknown god.
   733 | D:1      | 733 ||| Stepping ~*~*~tactically~*~*~ (stealth).
   755 | D:1      | Reached skill level 3 in Axes
   850 | D:1      | 850 ||| Stepping ~*~*~tactically~*~*~ (hiding).
   861 | D:1      | Reached XP level 3. HP: 23/23 MP: 3/3
  1029 | D:1      | 1029 ||| UPGRADING to +0 chain mail.
  1039 | D:1      | 1039 ||| DROPPING +0 scale mail.
  1040 | D:1      | 1040 ||| UPGRADING to +0 kite shield.
  1050 | D:1      | 1050 ||| DROPPING +0 buckler.
  1051 | D:1      | 1051 ||| UPGRADING to amulet of guardian spirit.
  1056 | D:1      | 1056 ||| READING 3 scrolls labelled POGORI JEJE.
  1057 | D:1      | 1057 ||| READING 2 scrolls labelled JUJAL OMINLUL.
  1058 | D:1      | 1058 ||| READING 2 scrolls labelled NUUFOJ GACEPA.
  1059 | D:1      | 1059 ||| READING 2 scrolls labelled SEF TOSOLU.
  1060 | D:1      | 1060 ||| READING scroll labelled FOID SISTO.
  1061 | D:1      | 1061 ||| DRINKING 4 fuming red potions.
  1062 | D:1      | 1062 ||| READING 2 scrolls of identify.
  1062 | D:1      | 1062 ||| IDENTIFYING brown potion
  1063 | D:1      | 1063 ||| DROPPING scroll of vulnerability.
  1064 | D:1      | 1064 ||| DROPPING scroll of magic mapping.
  1065 | D:1      | 1065 ||| DROPPING potion of degeneration.
  1102 | D:2      | 1102 ||| STAIRDANCE
  1344 | D:2      | Found a shimmering blue altar of Sif Muna.
  1546 | D:2      | 1546 ||| Stepping ~*~*~tactically~*~*~ (hiding).
  1547 | D:2      | 1547 ||| Stepping ~*~*~tactically~*~*~ (hiding).
  1824 | D:2      | 1824 ||| UPGRADING to +0 pair of boots.
  1829 | D:2      | 1829 ||| READING scroll of enchant armour.
  1829 | D:2      | 1829 ||| ENCHANTING +0 pair of boots.
  1830 | D:2      | 1830 ||| READING scroll labelled ITINLI TOPLA.
  1846 | D:2      | 1846 ||| READING 2 scrolls of identify.
  1846 | D:2      | 1846 ||| IDENTIFYING glowing orange potion
  1877 | D:3      | 1877 ||| Stepping ~*~*~tactically~*~*~ (stealth).
  1942 | D:3      | 1942 ||| Stepping ~*~*~tactically~*~*~ (stealth).
  1975 | D:3      | Reached XP level 4. HP: 26/28 MP: 2/4
  2036 | D:3      | 2036 ||| DROPPING +0 club.
  2102 | D:3      | 2102 ||| Stepping ~*~*~tactically~*~*~ (hiding).
  2527 | D:3      | Found a runed translucent door.
  2528 | D:3      | Noticed Crazy Yiuf
  2690 | D:3      | 2690 ||| READING 2 scrolls labelled XEOXKOE JIUPA.
  2724 | D:3      | 2724 ||| READING 2 scrolls labelled LIBOQU HORUCK.
  2725 | D:3      | 2725 ||| READING scroll labelled SUSSIU VYEPH.
  2726 | D:3      | 2726 ||| READING scroll labelled NUXIEXZ JERGH.
  2727 | D:3      | 2727 ||| READING scroll labelled XUHETU GANU.
  2728 | D:3      | 2728 ||| READING scroll labelled SOSIER WOSOFI.
  2729 | D:3      | 2729 ||| DRINKING 2 viscous cyan potions.
  2730 | D:3      | 2730 ||| DROPPING scroll of blinking.
  2731 | D:3      | 2731 ||| DROPPING potion of flight.
  2851 | D:4      | 2851 ||| Stepping ~*~*~tactically~*~*~ (hiding).
  2862 | D:4      | Reached skill level 4 in Axes
  2871 | D:4      | Found a staircase to the Ecumenical Temple.
  2873 | D:4      | 2873 ||| PLANNING TEMPLE
  2881 | Temple   | Entered the Ecumenical Temple
  2885 | Temple   | 2885 ||| PLANNING D:1-11
  2937 | D:4      | Reached XP level 5. HP: 23/32 MP: 3/5
  3075 | D:4      | 3075 ||| Stepping ~*~*~tactically~*~*~ (stealth).
  3077 | D:4      | 3077 ||| Stepping ~*~*~tactically~*~*~ (hiding).
  3079 | D:4      | 3079 ||| Stepping ~*~*~tactically~*~*~ (hiding).
  3382 | D:4      | 3382 ||| Stepping ~*~*~tactically~*~*~ (hiding).
  3390 | D:4      | 3390 ||| DRINKING 5 potions of curing.
  3390 | D:4      | 3390 ||| (to cure confusion)
  3744 | D:4      | 3744 ||| READING scroll labelled YGOOMI YCWIUTO.
  3745 | D:4      | 3745 ||| DRINKING 2 white potions.
  3779 | D:5      | Entered Level 5 of the Dungeon
  3846 | D:5      | Reached XP level 6. HP: 33/37 MP: 6/6
  3937 | D:5      | Noticed a black bear
  3946 | D:5      | Killed a black bear
  3947 | D:5      | Reached skill level 5 in Axes
  4011 | D:5      | 4011 ||| READING scroll of enchant weapon.
  4011 | D:5      | 4011 ||| ENCHANTING +1 war axe.
  4280 | D:5      | Reached XP level 7. HP: 41/43 MP: 7/7
  4755 | D:5      | 4755 ||| READING 3 scrolls of identify.
  4755 | D:5      | 4755 ||| IDENTIFYING smoky emerald potion
  4756 | D:5      | 4756 ||| READING 2 scrolls of identify.
  4756 | D:5      | 4756 ||| IDENTIFYING bubbling emerald potion
  4808 | D:6      | Reached skill level 6 in Axes
  4906 | D:6      | Reached skill level 6 in Shields
  4920 | D:6      | Reached skill level 1 in Dodging
  4920 | D:6      | Reached XP level 8. HP: 14/48 MP: 4/8
  5308 | D:6      | 5308 ||| DRINKING 2 inky potions.
  5413 | D:6      | 5413 ||| DROPPING potion of berserk rage.
  5476 | D:7      | 5476 ||| Stepping ~*~*~tactically~*~*~ (hiding).
  5543 | D:7      | Found an opulent altar of Gozag.
  5599 | D:7      | Reached skill level 7 in Axes
  5675 | D:7      | Found a sacrificial altar of Ru.
  5843 | D:7      | Noticed a green ugly thing
  5844 | D:7      | 5844 ||| Stepping ~*~*~tactically~*~*~ (stealth).
  5846 | D:7      | 5846 ||| Stepping ~*~*~tactically~*~*~ (stealth).
  5854 | D:7      | 5854 ||| Stepping ~*~*~tactically~*~*~ (stealth).
  5861 | D:7      | 5861 ||| Stepping ~*~*~tactically~*~*~ (stealth).
  5862 | D:7      | 5862 ||| Stepping ~*~*~tactically~*~*~ (stealth).
  5870 | D:7      | 5870 ||| Stepping ~*~*~tactically~*~*~ (stealth).
  5882 | D:7      | Killed a green ugly thing
  5883 | D:7      | Reached XP level 9. HP: 33/54 MP: 5/9
  6099 | D:7      | Reached skill level 1 in Throwing
  6346 | D:7      | 6346 ||| UPGRADING to +0 plate armour.
  6356 | D:7      | 6356 ||| DROPPING +0 chain mail.
  6357 | D:7      | 6357 ||| DROPPING ring of magical power.
  6358 | D:7      | 6358 ||| READING scroll labelled UFFE GADAODU.
  6426 | D:8      | 6426 ||| Stepping ~*~*~tactically~*~*~ (hiding).
  6433 | D:8      | Noticed Grum
  6444 | D:8      | HP: 12/54 [Grum/+1 spear (6)]
  6445 | D:8      | 6445 ||| READING scroll of teleportation.
  6445 | D:8      | HP: 5/54 [Grum/+1 spear (8)]
  6446 | D:8      | 6446 ||| DRINKING 2 potions of heal wounds.
  6447 | D:8      | 6447 ||| DRINKING potion of heal wounds.
  6557 | D:8      | Killed Grum
  6565 | D:8      | Reached skill level 8 in Axes
  6588 | D:8      | Reached skill level 6 in Fighting
  6920 | D:8      | 6920 ||| Stepping ~*~*~tactically~*~*~ (stealth).
  7105 | D:8      | HP: 11/55 [killer bee (5)]
  7106 | D:8      | 7106 ||| DRINKING 2 potions of heal wounds.
  7114 | D:8      | Reached skill level 9 in Axes
  7239 | D:8      | 7239 ||| Stepping ~*~*~tactically~*~*~ (cloud).
  7252 | D:8      | HP: 8/55 [steam dragon/ball of steam (14)]
  7253 | D:8      | 7253 ||| DRINKING potion of heal wounds.
  7259 | D:8      | Reached XP level 10. HP: 44/61 MP: 3/10
  7326 | D:8      | 7326 ||| READING 2 scrolls of identify.
  7326 | D:8      | 7326 ||| IDENTIFYING yellow potion
  7328 | D:8      | 7328 ||| Stepping ~*~*~tactically~*~*~ (hiding).
  7406 | D:8      | 7406 ||| DROPPING potion of magic.
  7499 | D:8      | Found a blossoming altar of Fedhas.
  7550 | D:8      | Noticed a centaur warrior
  7551 | D:8      | 7551 ||| Stepping ~*~*~tactically~*~*~ (hiding).
  7556 | D:8      | HP: 15/63 [hornet (6)]
  7557 | D:8      | HP: 7/63 [centaur warrior (8)]
  7558 | D:8      | Slain by a hornet

Levels and vault maps discovered:
D:1:      nzn_arrival_crosshair, layout_loops_ring,
          dreamdust_ecumenical_altar_grove, minmay_misc_feat_x,
          patterned_corridor
D:2:      layout_loops_ring, basic_altar
D:3:      layout_loops_ring, fountainhead, st_stairs_7, uniq_crazy_yiuf_cottage
D:4:      layout_gridville, minmay_temple_entry_tees, minmay_misc_feat_iff,
          kennysheep_small_spiral, kennysheep_generic_room_8
D:5:      layout_loops_corners, minmay_lizard_king
D:6:      layout_gridville
D:7:      layout_loops_ring, mainiacjoe_overflow_concentric_impassable,
          nicolae_ru_sacrificial_ziggurat
D:8:      minmay_opposing_rooms, layout_loops_ring, kennysheep_mini,
          grunt_tough_drop, uniq_grum
Temple:   sentei_temple_godly_chess

Skill      XL: |  1  2  3  4  5  6  7  8  9 10 |
---------------+-------------------------------+-----
Axes           | 2 3 4 5 6 7 9 |  9.0
Shields        | 4 5 6 8 |  8.9
Fighting       | 4 5 6 7 |  7.2
Dodging        | 1 |  1.6
Throwing       | 1 |  1.5
Armour         | 5 |  5.0

Action                     |  1- 3 |  4- 6 |  7- 9 | 10-12 || total
---------------------------+-------+-------+-------+-------++-------
  Melee: War axe           |   137 |   114 |   308 |    33 ||   592
  Throw: Boomerang         |       |    26 |    31 |       ||    57
    Use: Scroll            |     9 |     8 |     4 |     1 ||    22
         Potion            |     1 |     3 |     5 |       ||     9
 Armour: Scale mail        |    56 |       |       |       ||    56
         Chain mail        |    27 |    67 |   109 |       ||   203
         Plate armour      |       |       |   126 |    26 ||   152
  Dodge: Dodged            |    47 |    26 |    77 |     9 ||   159
  Block: Buckler           |    17 |       |       |       ||    17
         Kite shield       |    29 |    52 |   151 |    18 ||   250

Table legend:
 A = Non-vault XP
 B = Vault XP
 C = Vault XP percentage of total XP
 D = Non-vault monster count
 E = Vault monster count
 F = Vault count percentage of total count
                 A         B        C        D         E       F
            +---------+---------+-------+---------+---------+-------
      Total |    4104 |    1342 |  24.6 |     122 |      18 |  12.9
            +---------+---------+-------+---------+---------+-------
        D:1 |      43 |       0 |   0.0 |      25 |       0 |   0.0
        D:2 |      31 |       0 |   0.0 |      10 |       0 |   0.0
        D:3 |      31 |       2 |   6.1 |      15 |       2 |  11.8
        D:4 |     121 |      35 |  22.4 |      15 |       1 |   6.2
        D:5 |     549 |      40 |   6.8 |      13 |       5 |  27.8
        D:6 |     489 |       0 |   0.0 |       6 |       0 |   0.0
        D:7 |    1269 |       0 |   0.0 |      13 |       0 |   0.0
        D:8 |    1571 |    1265 |  44.6 |      25 |      10 |  28.6
            +---------+---------+-------+---------+---------+-------
